 Dungeon Crawl Stone Soup version 0.29.1-2-gbd0b4ee654 (webtiles) character file.

Game seed: 35940062914525191

23 GorkyZ the Covered (level 3, -8/23 HPs)
             Began as a Gargoyle Fighter on Nov 23, 2022.
             Killed from afar by an orc wizard (9 damage)
             ... with a magic dart
             ... on level 2 of the Dungeon.
             The game lasted 00:02:34 (771 turns).

GorkyZ the Covered (Gargoyle Fighter)                Turns: 771, Time: 00:02:34

Health: -8/23      AC: 10    Str: 21    XL:     3   Next: 0%
Magic:  3/3        EV:  9    Int:  8    God:
Gold:   44         SH:  0    Dex:  9    Spells: 2/2 levels left

rFire   . . .      SeeInvis .   a - +0 war axe
rCold   . . .      Faith    .   c - +0 buckler
rNeg    + . .      Spirit   .   b - +0 scale mail
rPois   ∞          Reflect  .   (no helmet)
rElec   +          Harm     .   (no cloak)
rCorr   .          Rampage  .   (no gloves)
Will    .....                   (no boots)
Stlth   ..........              (no amulet)
HPRegen 0.07/turn               (no ring)
MPRegen 0.08/turn               (no ring)

@: confused
A: sickness immunity, AC +3, negative energy resistance 1, electricity
resistance, torment resistance 1, petrification resistance
a: no special abilities


You were on level 2 of the Dungeon.
You visited 1 branch of the dungeon, and saw 2 of its levels.

You collected 44 gold pieces.

Inventory:

Hand Weapons
 a - a +0 war axe (weapon)
Armour
 b - a +0 scale mail (worn)
 c - a +0 buckler (worn)
Jewellery
 f - an amulet of guardian spirit
Scrolls
 g - a scroll of teleportation {unknown}
 k - 2 scrolls of poison {unknown}
 l - a scroll of enchant armour {unknown}
 m - a scroll of enchant weapon {unknown}
 n - a scroll of vulnerability {unknown}
Potions
 d - a potion of might
 e - a potion of resistance {unknown}
 h - a potion of cancellation {unknown}
 i - a potion of haste {unknown}
 j - 2 potions of flight {unknown}


   Skills:
 + Level 3.6 Fighting
 * Level 2.1 Axes
 + Level 3.6 Armour
 + Level 3.6 Shields


You had 2 spell levels left.
You didn't know any spells.
Your spell library was empty.

Dungeon Overview and Level Annotations

Branches:
Dungeon (1/15)

Altars:

Shops:
D:2 *


Innate Abilities, Weirdness & Mutations

You are immune to sickness and miasma.
Your stone body is resilient. (AC +3)
You are immune to poison.
You resist negative energy. (rN+)
You are resistant to electric shocks. (rElec)
You are resistant to unholy torment.
You are immune to petrification.


Message History

A puff of flame appears from out of thin air!
The puff of flame hits you!
You have reached level 3!
Your experience leads to an increase in your attributes!
Increase (S)trength, (I)ntelligence, or (D)exterity?
You feel stronger. x2
You hit the orc.
The orc is heavily wounded.
You closely miss something. Something hits you but does no damage.
You miss something. Something hits you but does no damage.
You slash something!
You hear some strange, mumbled words.
A magic dart appears from out of thin air!
The magic dart hits you.
* * * LOW HITPOINT WARNING * * *
Something completely misses you.
You completely miss something. Something hits you but does no damage.
You closely miss something. Something hits you but does no damage.
You miss something. Something hits you but does no damage.
You hear some strange, mumbled words.
Something tries to affect you, but you resist.
You hit something. Something hits you but does no damage.
You closely miss something. Something hits you but does no damage.
You hear some strange, mumbled words.
A magic dart appears from out of thin air!
The magic dart hits you.
* * * LOW HITPOINT WARNING * * *
You barely miss something. Something hits you but does no damage.
You hit something but do no damage. You block something's attack.
You hear some strange, mumbled words.
A puff of flame appears from out of thin air!
The puff of flame hits you but does no damage.
You barely miss something.
You hear some strange, mumbled words.
You are confused.
You barely miss something.
You hear some strange, mumbled words.
A magic dart appears from out of thin air!
The magic dart hits you!
You die...

....####...####### ###
#......#...#
>...###.8..###.#
#.......####..#
###.8.∩.8..##.#####
###.<........... .
######.8######...##...
#.......#######.......
#.(..........@{o[.....
####################..


You could see an orc.

Vanquished Creatures
  A dart slug (D:1)
  An orc (D:2)
  3 bats (D:1)
  2 endoplasms (D:1)
  2 goblins (D:1)
  2 hobgoblins (D:1)
  A quokka (D:2)
  2 ball pythons (D:1)
  A frilled lizard (D:1)
  3 kobolds (D:1)
18 creatures vanquished.

Vanquished Creatures (others)
  3 fungi (D:1)
  20 plants (D:1)
23 creatures vanquished.

Grand Total: 41 creatures vanquished

Notes
Turn   | Place    | Note
-------+----------+-------------------------------------------
     0 | D:1      | GorkyZ the Gargoyle Fighter began the quest for the Orb.
     0 | D:1      | Reached XP level 1. HP: 14/14 MP: 1/1
   228 | D:1      | Reached XP level 2. HP: 19/19 MP: 2/2
   585 | D:1      | Found a faded altar of an unknown god.
   719 | D:1      | You fall into a shaft and drop 1 floor!
   723 | D:2      | Found Lanyeh's Assorted Antiques.
   759 | D:2      | Reached XP level 3. HP: 12/23 MP: 3/3
   767 | D:2      | HP: 1/23 [something/magic dart (6)]
   771 | D:2      | Killed from afar by an orc wizard

Illustrated notes

Levels and vault maps discovered:
D:1:      roderic_crop_circles_arrival_small, layout_loops_ring,
          dreamdust_ecumenical_altar_grove
D:2:      layout_rooms, serial_shops, nicolae_shop_statue_plus,
          minmay_fractal_squares_gapless_5, uniq_robin

Skill      XL: |  1 |
---------------+----+-----
Axes           | 2 |  2.1
Fighting       | |  3.6
Armour         | |  3.6
Shields        | |  3.6

Action                   || total
-------------------------++-------
Melee: War axe           ||    67
Armor: Scale mail        ||    57
Dodge: Dodged            ||    32
Block: Buckler           ||    22
